 Dungeon Crawl Stone Soup version 0.26.1-11-gd32895ea62 (webtiles) character file.

Game seed: 10833867930376935337

25 Zeld the Slasher (level 3, -1/26 HPs)
             Began as an Octopode Monk on May 19, 2021.
             Slain by a kobold
             ... wielding a cursed -2 whip
              (4 damage)
             ... on level 1 of the Dungeon.
             The game lasted 00:02:08 (490 turns).

Zeld the Slasher (Octopode Monk)                     Turns: 490, Time: 00:02:09

Health: -1/26      AC:  1    Str: 11    XL:     3   Next: 6%
Magic:  3/3        EV: 14    Int: 12    God:
Gold:   31         SH:  0    Dex: 14    Spells: 2/2 levels left

rFire    . . .     SeeInvis .   a - +0 falchion
rCold    . . .     Faith    .   (no shield)
rNeg     . . .     Spirit   .   (helmet restricted)
rPois    .         Reflect  .   (no amulet)
rElec    .         Harm     .   (no ring)
rCorr    .         Rampage  .   (no ring)
Will     .....                  (no ring)
Stlth    +++.......             (no ring)
HPRegen  0.08/turn              (no ring)
MPRegen  0.08/turn              (no ring)
                                (no ring)
                                (no ring)

@: no status effects
A: almost no armour, stealthy swim, amphibious, 8 rings, constrict 8, camouflage
1, gelatinous body 1
a: no special abilities


You were on level 1 of the Dungeon.
You visited 1 branch of the dungeon, and saw 1 of its levels.

You collected 31 gold pieces.

Inventory:

Hand Weapons
 a - a +0 falchion (weapon)
Scrolls
 d - a scroll of teleportation {unknown}
 e - a scroll of identify {unknown}
 f - a scroll of enchant weapon {unknown}
 g - a scroll of remove curse {unknown}
Potions
 b - a potion of brilliance {unknown}
 c - a potion of might {unknown}
 h - a potion of heal wounds {unknown}


   Skills:
 - Level 3.0 Fighting
 * Level 4.1 Long Blades
 - Level 3.0 Dodging
 - Level 2.6 Stealth


You had 2 spell levels left.
You didn't know any spells.
Your spell library was empty.

Dungeon Overview and Level Annotations

Branches:
Dungeon (1/15)

Altars:


Innate Abilities, Weirdness & Mutations

You cannot wear most types of armour.
You are very stealthy in the water. (Stealth+)
You are amphibious.
You can wear up to eight rings at the same time.
You can use your tentacles to constrict eight enemies at once.
Your skin changes colour to match your surroundings (Stealth+).
Your rubbery body absorbs attacks. (AC +1, EV +1)


Message History

You constrict the hobgoblin, but do no damage.
The hobgoblin hits you with a +0 club.
* * * LOW HITPOINT WARNING * * *
You hit the hobgoblin.
You kill the hobgoblin!
You hit the kobold. You grab the kobold.
You squeeze the kobold, but do no damage.
The kobold is moderately wounded.
You constrict the kobold. The kobold barely misses you.
You riposte.
You barely miss the kobold.
The kobold is heavily wounded.
You hit the kobold but do no damage.
The kobold is heavily wounded.
You constrict the kobold, but do no damage.
The kobold closely misses you.
You barely miss the kobold.
The kobold is heavily wounded.
You constrict the kobold.
The kobold hits you with a cursed -2 whip.
You die...

#..## ###....# ####..#
#...#### ..##..# ##.###
#### #.....# ##..# #...##
###...# #..## #.....#
###...## #.## .......
.....).####.# .......
.....#......######.......
....)##..#...).(@K......#
......#.##########†.....#
......#.# .......
....#.#.# .......
...##...# .......
######### #.....# #...##
####


You could see a kobold.

Vanquished Creatures
  2 leopard geckos (D:1)
  3 bats (D:1)
  A giant cockroach (D:1)
  4 goblins (D:1)
  4 hobgoblins (D:1)
  3 frilled lizards (D:1)
  3 kobolds (D:1)
  2 rats (D:1)
22 creatures vanquished.

Notes
Turn   | Place    | Note
-------+----------+-------------------------------------------
     0 | D:1      | Zeld the Octopode Monk began the quest for the Orb.
     0 | D:1      | Reached XP level 1. HP: 16/16 MP: 1/1
    62 | D:1      | Reached XP level 2. HP: 21/21 MP: 2/2
   316 | D:1      | Reached skill level 4 in Long Blades
   482 | D:1      | Reached XP level 3. HP: 8/26 MP: 3/3
   490 | D:1      | Slain by a kobold

Illustrated notes

Levels and vault maps discovered:
D:1:      saegor_arrival_simple_e, layout_rooms

Skill      XL: |  1  2 |
---------------+-------+-----
Long Blades    | 4 |  4.1
Fighting       | |  3.0
Dodging        | |  3.0
Stealth        | |  2.6

Action                   || total
-------------------------++-------
Melee: Falchion          ||    42
       Constrict         ||    17
       Tentacles         ||    11
 Stab: Sleeping          ||     8
Armor: Skin              ||     2
Dodge: Dodged            ||    31
       Rpst.: Falchion   ||    13
